 Dungeon Crawl Stone Soup version 0.27.1-34-g3ba077fa99 (webtiles) character file.

Game seed: 6351760210867702747

7 Destapler the Shield-Bearer (level 1, 20/20 HPs)
             Began as a Minotaur Fighter on Jan 4, 2022.
             Was a Follower of Jiyva.
             Got out of the dungeon alive.
             The game lasted 00:01:25 (390 turns).

Destapler the Shield-Bearer (Minotaur Fighter)       Turns: 390, Time: 00:01:26

Health: 20/20      AC:  7    Str: 20    XL:     1   Next: 91%
Magic:  0/0        EV:  7    Int:  5    God:    Jiyva [*.....]
Gold:   34         SH:  9    Dex:  9    Spells: 0/0 levels left

rFire    . . .     SeeInvis .   a - +0 long sword
rCold    . . .     Faith    .   c - +0 kite shield
rNeg     . . .     Spirit   .   b - +0 scale mail
rPois    .         Reflect  .   (helmet restricted)
rElec    .         Harm     .   (no cloak)
rCorr    .         Rampage  .   (no gloves)
Will     .....                  (no boots)
Stlth    ..........             (no amulet)
HPRegen  0.06/turn              (no ring)
MPRegen  0.07/turn              (no ring)

@: no status effects
A: horns 2, retaliatory headbutt
a: Renounce Religion, Request Jelly


You escaped.
You worshipped Jiyva.
Jiyva was aware of your devotion.
You visited 1 branch of the dungeon, and saw 1 of its levels.

You collected 34 gold pieces.

Inventory:

Hand Weapons
 a - a +0 long sword (weapon)
Armour
 b - a +0 scale mail (worn)
 c - a +0 kite shield (worn)
Scrolls
 e - a scroll of noise {unknown}
 f - a scroll of identify {unknown}
 g - 2 scrolls of vulnerability {unknown}
Potions
 d - a potion of might


   Skills:
 + Level 3.7 Fighting
 + Level 2.5 Long Blades
 + Level 3.7 Armour
 + Level 0.1 Dodging
 + Level 0.1 Stealth
 + Level 3.8 Shields
 + Level 0.1 Invocations
 + Level 0.1 Evocations


You couldn't memorise any spells.
You didn't know any spells.
Your spell library was empty.

Dungeon Overview and Level Annotations

Branches:
Dungeon (1/15)

Altars:
Jiyva


Innate Abilities, Weirdness & Mutations

You have a pair of horns on your head.
You reflexively headbutt those who attack you in melee.


Message History

A goblin is nearby!
Your unstable footing causes you to fumble your attack.
The goblin barely misses you.
Your shield and scale mail prevent you from hitting the goblin.
The goblin hits you with a +0 club. x2
Your unstable footing causes you to fumble your attack.
The goblin hits you but does no damage.
You closely miss the goblin. You headbutt the goblin.
The goblin is severely wounded.
You block the goblin's attack. The goblin hits you but does no damage.
You hit the goblin.
You kill the goblin!
Found a scroll labelled XUOGIO XU OQITZ.
g - 2 scrolls labelled PEOB POURIXESOLAO
f - 2 scrolls labelled XUOGIO XU OQITZ (gained 1)
There is a faded altar of an unknown god here.
You cannot tell which god this altar belongs to.
Convert to them anyway?
Jiyva accepts your prayer! Jiyva welcomes you! Jiyva grants you a jelly!
You can now request a jelly.
You drop a scroll labelled XUOGIO XU OQITZ.
You hear a slurping noise.
You hear a slurping noise.
There is an open door here.
Jiyva gurgles merrily.
You hear a slurping noise.
You hear a slurping noise.
You hear a distant slurping noise.
You hear a slurping noise.
You hear a distant slurping noise.
Jiyva appreciates your sacrifice.
You hear a squelching noise.
You hear a distant slurping noise.
Jiyva appreciates your sacrifice.
You hear a distant slurping noise.
Jiyva appreciates your sacrifice.
You hear a distant slurping noise.
There is a staircase leading out of the dungeon here.
Are you sure you want to leave the Dungeon?
This will make you lose the game!
You have escaped!

####.......# #......#####.##†#
..#####.#### #.........##.##.#
#...###.# #......##.##.##.#
#...##..# ##.....##.##.##.#
#....#############...........##.#
................##...##.......#..
.....§§§≈≈≈≈.....###.......##.###
#....§≈≈≈≈≈≈≈....# #.##.#..##.#
#....§§≈$>§≈§...@# #....#..##.###
#.....§≈≈≈§§≈....# #.(..........#
#......≈≈≈§§§§...# #.#####.##.#.#
#.........§§§...## #.......##.#.#
#....###############.#####.##.#.#
#...## #.# #.....# #.##.#.# #...#
#.# #.....# #......# ##### #.#
#.....# ####.### #.# #.)...# #.#


There were no monsters in sight!

Vanquished Creatures
  3 goblins (D:1)
  A kobold (D:1)
  A bat (D:1)
  2 rats (D:1)
7 creatures vanquished.

Vanquished Creatures (others)
  A frilled lizard (D:1)
1 creature vanquished.

Grand Total: 8 creatures vanquished

Notes
Turn   | Place    | Note
-------+----------+-------------------------------------------
     0 | D:1      | Destapler the Minotaur Fighter began the quest for the Orb.
     0 | D:1      | Reached XP level 1. HP: 19/19 MP: 0/0
   307 | D:1      | Found a faded altar of an unknown god.
   331 | D:1      | Became a worshipper of Jiyva Junlaun the Shapeless
   331 | D:1      | Reached * piety under Jiyva
   390 | D:$      | Got out of the dungeon alive.

Illustrated notes

Levels and vault maps discovered:
D:1:      lemuel_arrival_lava_pool, layout_loops_cross,
          shapermc_ecumenical_altar_notcrosses

Action                   || total
-------------------------++-------
Melee: Long sword        ||    18
       Headbutt          ||     3
Armor: Scale mail        ||     6
Dodge: Dodged            ||     6
Block: Kite shield       ||    10
       Rpst.: Long sword ||     2
